 Dungeon Crawl Stone Soup version 0.27.1-35-g4d5d836560 (console) character file.

Game seed: 8905879618649024370

331341 grimtooth the Devastator (level 21, -7/134 HPs)
             Began as a Tengu Conjurer on Mar 14, 2022.
             Was the Champion of Vehumet.
             Mangled by a deep troll (12 damage)
             ... led by an ironbound preserver
             ... while paralysed by a great orb of eyes
             ... on level 3 of the Vaults on Mar 21, 2022.
             The game lasted 06:35:43 (58969 turns).

grimtooth the Devastator (Tengu Conjurer)          Turns: 58969, Time: 06:35:44

Health: -7/134     AC: 21    Str: 11    XL:     21   Next: 76%
Magic:  12/40      EV:  2    Int: 28    God:    Vehumet [******]
Gold:   2416       SH:  0    Dex: 21    Spells: 9/48 levels left

rFire    . . .     SeeInvis .   a - staff of conjuration
rCold    . . .     Faith    .   S - +2 buckler {reflect}
rNeg     + + .     Spirit   .   y - +4 ring mail {rPois}
rPois    +         Reflect  +   v - +2 hood of the Assassin {Detection Stab+ Stlth++}
rElec    +         Harm     .   c - +2 cloak {Will+}
rCorr    +         Rampage  .   t - +1 pair of gloves
Will     ++...                  (boots unavailable)
Stlth    ++++++....             Q - amulet of regeneration
HPRegen  1.32/turn              u - ring "Wuutimia" {rElec AC+4 Int+2 Dex+3}
MPRegen  0.27/turn              N - ring "Fokeg" {+Blink rN++ rCorr Str+2 Dex+4}

@: paralysed, marked, flying quickly and evasively, hasted, quick
A: beak, talons 3, nimble flight
}: 2/15 runes: serpentine, barnacled
a: Renounce Religion, Evoke Blink


You were on level 3 of the Vaults.
You worshipped Vehumet.
Vehumet was exalted by your worship.
You visited 7 branches of the dungeon, and saw 34 of its levels.
You also visited: Ossuary.

You collected 4604 gold pieces.
You spent 2188 gold pieces at shops.

Inventory:

Missiles
 q - 107 poisoned darts
 w - 9 throwing nets {=f}
 z - 71 boomerangs (quivered)
 M - 3 curare-tipped darts
Armour
 c - a +2 cloak of willpower (worn)
 l - a +1 buckler of fire resistance
 m - the +2 hat of Kefaewuny {-Tele Harm rN+ Dex+2}
   (You acquired it on level 13 of the Dungeon)

   Dex:       It affects your dexterity (+2).
   rN:        It protects you from negative energy.
   -Tele:     It prevents most forms of teleportation.
   Harm:      It increases damage dealt and taken.
 t - a +1 pair of gloves (worn)
 v - the +2 hood of the Assassin (worn) {Detection Stab+ Stlth++}
   (You found it on level 1 of the Vaults)

   It allows the wearer to sense nearby creatures.
   It allows the wearer to make particularly effective stabbing attacks against
   helpless or unaware enemies with any weapon.
   Stlth:     It makes you much more stealthy.
 y - a +4 ring mail of poison resistance (worn)
 E - the -2 hat of the Alchemist {rElec rPois rF+ rC+ rN+ Will+ rMut rCorr}
   (You found it on level 1 of the Vaults)

   rF:        It protects you from fire.
   rC:        It protects you from cold.
   rElec:     It insulates you from electricity.
   rPois:     It protects you from poison.
   rN:        It protects you from negative energy.
   rCorr:     It protects you from acid and corrosion.
   rMut:      It protects you from mutation.
   Will:      It increases your willpower.
 S - a +2 buckler of reflection (worn)
Magical Staves
 a - a staff of conjuration (weapon)
Jewellery
 i - an amulet of reflection
 o - a ring of fire
 s - a ring of willpower
 u - the ring "Wuutimia" (left hand) {rElec AC+4 Int+2 Dex+3}
   (You bought it in a shop on level 7 of the Dungeon)

   [ring of protection]

   AC:        It affects your AC (+4).
   Int:       It affects your intelligence (+2).
   Dex:       It affects your dexterity (+3).
   rElec:     It insulates you from electricity.
 A - a ring of see invisible
 N - the ring "Fokeg" (right hand) {+Blink rN++ rCorr Str+2 Dex+4}
   (You acquired it on level 10 of the Dungeon)

   [ring of resist corrosion]

   Str:       It affects your strength (+2).
   Dex:       It affects your dexterity (+4).
   rN:        It greatly protects you from negative energy.
   +Blink:    It lets you blink.
   rCorr:     It protects you from acid and corrosion.
 Q - an amulet of regeneration (around neck)
Wands
 d - a wand of paralysis (27)
 f - a wand of mindburst (16)
 n - a wand of acid (12)
 r - a wand of iceblast (22)
 B - a wand of charming (24)
 F - a wand of polymorph (27)
 T - a wand of digging (8)
 V - a wand of flame (21)
Scrolls
 b - a scroll of silence
 g - 2 scrolls of blinking
 j - a scroll of summoning
 k - 4 scrolls of magic mapping
 p - a scroll of immolation
 D - 2 scrolls of identify {@r4}
 H - 2 scrolls of fog
 J - a scroll of enchant armour
 O - 8 scrolls of teleportation
Potions
 e - 5 potions of magic
 h - 2 potions of ambrosia
 x - 10 potions of attraction
 C - 12 potions of curing
 G - 2 potions of berserk rage
 I - 8 potions of haste
 K - 5 potions of might
 P - a potion of cancellation
 R - a potion of heal wounds
Miscellaneous
 L - a box of beasts
 U - a lightning rod (4/4)


   Skills:
 - Level 15.0 Fighting
 - Level 12.0 Staves
 - Level 9.0 Throwing
 - Level 6.0 Armour
 + Level 9.4 Dodging
 - Level 9.0 Stealth
 - Level 9.0 Shields
 - Level 14.0 Spellcasting
 - Level 18.0 Conjurations
 - Level 6.0 Hexes
 - Level 6.0 Translocations
 - Level 12.0 Fire Magic
 + Level 12.4 Air Magic
 - Level 6.0 Earth Magic
 - Level 10.0 Evocations


You had 9 spell levels left.
You knew the following spells:

 Your Spells              Type           Power      Damage    Failure   Level
a - Iron Shot             Conj/Erth      46%        9d9       1%          6
b - Searing Ray           Conj           100%       3d7       0%          2
d - Iskenderun's Mystic   Conj/Tloc      92%        2d18      1%          4
e - Magic Dart            Conj           100%       1d8       0%          1
f - Fulminant Prism       Conj/Hex       46%        3d21      1%          4
g - Fireball              Conj/Fire      50%        3d20      1%          5
h - Lightning Bolt        Conj/Air       51%        1d72      1%          5
o - Orb of Destruction    Conj           55%        9d16      1%          7
r - Irradiate             Conj/Tmut      40%        3d27      1%          5

Your spell library contained the following spells:

 Spells                   Type           Power      Damage    Failure   Level
 Ignition                 Fire           36%        3d11      54%         8
 Polar Vortex             Ice            9%         N/A       100%        9
 Shatter                  Erth           26%        3d22*     100%        9
 Foxfire                  Conj/Fire      100%       2x1d9     0%          1
 Static Discharge         Conj/Air       100%       N/A       0%          2
 Apportation              Tloc           100%       N/A       1%          1
 Corona                   Hex            57%        N/A       1%          1
 Poisonous Vapours        Pois/Air       100%       N/A       1%          2
 Dazzling Flash           Conj/Hex       100%       N/A       1%          3
 Gell's Gravitas          Tloc           26%        N/A       1%          3
 Inner Flame              Hex/Fire       63%        N/A       1%          3
 Lesser Beckoning         Tloc           26%        N/A       1%          3
 Portal Projectile        Hex/Tloc       100%       N/A       1%          3
 Stone Arrow              Conj/Erth      100%       3d13      1%          3
 Teleport Other           Tloc           52%        N/A       1%          3
 Hailstorm                Conj/Ice       81%        3d16      1%          4
 Bolt of Magma            Conj/Fire/Erth 46%        4d19      1%          5
 Freezing Cloud           Conj/Ice/Air   42%        6-21      1%          5
 Iskenderun's Battlesphe  Conj           100%       2d15      1%          5
 Starburst                Conj/Fire      50%        6d14      1%          6
 Ensorcelled Hibernation  Hex/Ice        72%        N/A       2%          2
 Cause Fear               Hex            26%        N/A       4%          4
 Summon Lightning Spire   Summ/Air       53%        N/A       4%          4
 Animate Skeleton         Necr           38%        N/A       5%          1
 Beastly Appendage        Tmut           38%        N/A       5%          1
 Summon Small Mammal      Summ           76%        N/A       5%          1
 Wereblood                Tmut           19%        N/A       9%          2
 Ozocubu's Armour         Ice            19%        N/A       17%         3
 Spider Form              Tmut/Pois      9%         N/A       17%         3
 Spellforged Servitor     Conj/Summ      40%        N/A       28%         7
 Borgnjor's Vile Clutch   Necr/Erth      18%        N/A       41%         5
 Metabolic Englaciation   Hex/Ice        18%        N/A       41%         5
 Summon Forest            Summ/Tloc      18%        N/A       41%         5
 Animate Dead             Necr           9%         N/A       50%         4
 Ice Form                 Ice/Tmut       19%        N/A       50%         4
 Maxwell's Capacitive Co  Air            36%        ∞         50%         8
 Blade Hands              Tmut           9%         N/A       83%         5
 Excruciating Wounds      Necr           9%         N/A       83%         5
 Eringya's Noxious Bog    Tmut/Pois      9%         N/A       88%         6
 Chain Lightning          Conj/Air       51%        3d68      93%         9
 Storm Form               Tmut/Air       26%        N/A       98%         7
 Death Channel            Necr           9%         N/A       100%        6
 Shadow Creatures         Summ           N/A        N/A       100%        6
 Simulacrum               Ice/Necr       9%         N/A       100%        6
 Haunt                    Necr/Summ      9%         N/A       100%        7
 Summon Hydra             Summ           9%         N/A       100%        7
 Discord                  Hex            26%        N/A       100%        8
 Infestation              Necr           9%         N/A       100%        8


Dungeon Overview and Level Annotations

Branches:
Dungeon (14/15)            Temple (1/1) D:7            Lair (6/6) D:9
 Shoals (4/4) Lair:4        Snake (4/4) Lair:3        Slime (0/5) Lair:6
    Orc (2/2) D:10            Elf (0/3) Orc:2        Vaults (3/5) D:13
  Crypt (0/3) Vaults:2    Ossuary (visited)

Altars:
Cheibriados
Elyvilon
Fedhas
Gozag
Hepliaklqana
Kikubaaqudgha
Makhleb
Nemelex Xobeh
Okawaru
Qazlal
Ru
Sif Muna
Trog
Vehumet
Wu Jian
Xom
Yredelemnul
Zin
The Shining One

Shops:
D:3 =   D:7 =   D:10 ?   Orc:1 *   Orc:2 [:*[(!   Shoals:3 =*

Annotations:
Shoals:1 1 runed translucent door, Zipteul's ghost, adept NaBe


Innate Abilities, Weirdness & Mutations

You have a beak for a mouth.
You have claws for feet.
Your magical nature lets you fly swiftly and evasively.


Message History

You hit the deep troll.
You blast the deep troll!
You kill the deep troll!
Vehumet accepts your kill.
You feel your power returning.
The troll leather armour is intact enough to wear.
You block the yaktaur captain's attack. The great orb of eyes gazes at you.
You suddenly lose the ability to move!
A deep troll comes into view.
The yaktaur captain hits you.
The great orb of eyes bites you but does no damage.
A deep troll comes into view.
The deep troll bites you. The deep troll claws you. The deep troll claws you!
The great orb of eyes bites you but does no damage.
The yaktaur captain hits you but does no damage.
The deep troll bites you. The deep troll claws you.
The deep troll claws you but does no damage.
The great orb of eyes bites you but does no damage.
A deep troll comes into view.
The deep troll bites you! The deep troll claws you!
* * * LOW HITPOINT WARNING * * *
The deep troll claws you but does no damage.
The yaktaur captain hits you!
* * * LOW HITPOINT WARNING * * *
The great orb of eyes gazes at you. You resist with almost no effort.
The deep troll bites you but does no damage.
The deep troll claws you but does no damage. x2
The great orb of eyes bites you but does no damage.
The vault sentinel blows a loud note on a signal horn!
The deep troll bites you but does no damage.
The deep troll claws you but does no damage. x2
The yaktaur captain hits you!
* * * LOW HITPOINT WARNING * * *
The great orb of eyes bites you!
* * * LOW HITPOINT WARNING * * *
The deep troll bites you!
* * * LOW HITPOINT WARNING * * *
The deep troll claws you!
You die...

####'### #.........#
####)#####.#..<.[#.#
#≈≈..)≈≈##....)[...#
#≈≈.§..≈##..≈..p≈..#
##..§§§.≈##.u..#....#
#...§§§...'.......))#
##..§§§.≈##########'#
#≈..§.≈≈# ...
#≈≈≈..≈≈# ...
####T#### ...
#@########## ...
#Gccc......# ...
#TTcT)[....+ ...
#pc........#
#TT).......#
#..)...†)).# .
#p#'####'####### .
.....##..)(.....#..
.{.....##....)....#..
c.......##.........+..
.#......##...))....###


You could see an ironbound preserver, 2 yaktaur captains, a great orb of eyes, 3
centaur warriors, 6 deep trolls and a vault sentinel.

Vanquished Creatures
  Sojobo (Vaults:2)
  Bai Suzhen (Snake:3)
  Vashnia (Snake:3)
  A bone dragon (Vaults:2)
  A lich (Vaults:1)
  Asterion (Vaults:3)
  Frances (D:12)
  A kraken (Shoals:3)
  A sphinx (Vaults:3)
  3 tengu reavers
  Kirke (D:14)
  Ilsuiw (Shoals:3)
  9 nagarajas
  Aizul (Snake:1)
  3 vault wardens
  4 orc warlords
  12 ironbound preservers
  8 very ugly things
  Azrael (Snake:3)
  8 merfolk javelineers
  4 merfolk impalers
  2 crystal guardians
  3 yaktaur captains
  A great orb of eyes (Vaults:2)
  2 fire dragons
  A great orb of eyes (shapeshifter) (D:8)
  Josephine (D:14)
  2 salamander tyrants
  17 naga warriors
  A vault guard (D:13)
  2 ironbound thunderhulks
  2 peacekeepers
  Erica (D:11)
  Harold (D:10)
  6 boulder beetles
  3 catoblepae
  12 hydras
  3 ironbound frosthearts
  A satyr (Shoals:4)
  6 ogre magi
  19 centaur warriors
  5 merfolk aquamancers
  7 anacondas
  3 merfolk avatars (Shoals:4)
  28 two-headed ogres
  2 alligator snapping turtles (Shoals:4)
  A death knight (D:14)
  9 death yaks
  4 tengu warriors
  Urug (D:12)
  21 naga sharpshooters
  12 shock serpents
  2 ironbound beastmasters
  5 salamander mystics
  13 sea snakes
  41 deep trolls
  A skeletal warrior (D:14)
  A glowing orange brain (D:13)
  6 ironbound convokers
  7 naga ritualists
  6 wizards
  9 orc knights
  5 lindwurms
  A phantasmal warrior (Vaults:2)
  11 harpies
  A deep elf pyromancer (D:13)
  22 mana vipers
  12 ugly things
  22 salamanders
  13 fauns
  An orc sorcerer (Orc:1)
  11 manticores
  An orb spider (D:12)
  4 oklob plants
  8 cyclopes
  A moth of wrath (shapeshifter) (D:14)
  4 guardian serpents
  16 naga magi
  8 vault sentinels
  12 elephants
  4 orange demons (D:14)
  53 black mambas
  4 merfolk sirens
  14 cane toads
  4 water nymphs
  2 molten gargoyles (Lair:6)
  Maurice (D:11)
  A torpor snail (Lair:6)
  A gargoyle (D:13)
  3 kobold demonologists
  An efreet (D:14)
  21 yaktaurs
  An unseen horror (D:11)
  9 rime drakes
  13 komodo dragons
  3 tengu conjurers (Vaults:1)
  3 red devils (D:14)
  22 merfolk
  11 trolls
  4 polar bears
  6 wind drakes
  16 blink frogs
  20 slime creatures
  A hornet (D:9)
  6 snapping turtles
  30 dream sheep
  Sigmund (D:4)
  2 vampires
  11 wraiths
  A spriggan (D:12)
  A shadow (D:10)
  A spriggan (shapeshifter) (D:13)
  3 wyverns
  30 yaks
  16 water elementals
  3 fire elementals (Snake:3)
  2 hogs (D:14)
  5 basilisks
  5 steam dragons
  9 vampire mosquitoes
  6 wargs
  68 nagas
  2 acid dragons
  13 water moccasins
  8 hell hounds
  Duvessa (D:5)
  27 orc warriors
  2 black bears
  3 ice beasts
  4 sky beasts
  29 ogres
  40 wolves
  12 centaurs
  A phantom (D:6)
  3 elf zombies (Ossuary)
  A kobold brigand (D:8)
  14 bullfrogs
  3 gnoll sergeants
  6 scorpions
  A wyvern zombie (D:7)
  Dowan (D:5)
  15 killer bees
  An oklob sapling (D:9)
  5 wights (D:8)
  3 electric eels
  3 howler monkeys
  6 lava snakes
  A bullfrog zombie (D:5)
  2 centaur zombies
  A centaur skeleton (D:6)
  A jelly (D:6)
  2 bullfrog skeletons
  A gnoll shaman (D:8)
  15 orc priests
  5 hounds (D:9)
  Crazy Yiuf (D:2)
  20 orc wizards
  2 iguanas
  Terence (D:2)
  A killer bee zombie (D:7)
  2 mummies (Ossuary)
  Robin (D:3)
  2 howler monkey zombies
  26 gnolls
  A howler monkey skeleton (D:7)
  11 adders
  3 white imps
  An ufetubus (D:6)
  An adder zombie (Ossuary)
  2 adder skeletons (D:4)
  2 worms (D:2)
  A dart slug (D:5)
  58 orcs
  10 ball pythons
  5 endoplasms
  6 giant cockroaches
  12 goblins
  11 hobgoblins
  2 quokkas (D:2)
  3 bats (D:1)
  4 frilled lizards
  2 goblin zombies (Ossuary)
  11 hobgoblin zombies (Ossuary)
  A jackal zombie (Ossuary)
  13 kobolds
  9 kobold zombies (Ossuary)
  9 orc zombies (Ossuary)
  3 rats
1374 creatures vanquished.

Vanquished Creatures (collateral kills)
  A sea snake (Shoals:4)
  A merfolk (Shoals:4)
2 creatures vanquished.

Vanquished Creatures (others)
  4 humans (D:14)
  A naga (Snake:1)
  62 fulminant prisms
  77 fungi
  428 plants
  4 tentacles (Shoals:3)
576 creatures vanquished.

Grand Total: 1952 creatures vanquished

Notes
Turn   | Place    | Note
-------+----------+-------------------------------------------
     0 | D:1      | grimtooth the Tengu Conjurer began the quest for the Orb.
     0 | D:1      | Reached XP level 1. HP: 10/10 MP: 4/4
   127 | D:1      | Found a faded altar of an unknown god.
   262 | D:1      | Reached XP level 2. HP: 15/15 MP: 3/6
  1217 | D:2      | Found a stormy altar of Qazlal.
  1254 | D:2      | Noticed Terence
  1269 | D:2      | Reached XP level 3. HP: 19/19 MP: 6/8
  1466 | D:2      | Learned a level 2 spell: Searing Ray
  2664 | D:3      | Reached skill level 6 in Conjurations
  2664 | D:3      | Reached XP level 4. HP: 24/24 MP: 7/10
  2763 | D:3      | Found Emibe's Jewellery Boutique.
  3233 | D:3      | Learned a level 4 spell: Iskenderun's Mystic Blast
  3269 | D:4      | Identified the +4 helmet "Lebick" {rF+ Will+}
  3269 | D:4      | Noticed Robin
  3404 | D:3      | Killed Robin
  3412 | D:3      | - and look at this awesome helmet
  3608 | D:3      | Gained mutation: Your magical nature lets you fly swiftly
                  | and evasively. [Tengu growth]
  3608 | D:3      | Reached XP level 5. HP: 20/28 MP: 8/11
  3988 | D:4      | You are sucked into a shaft and drop 2 floors!
  3988 | D:6      | Noticed a centaur
  3988 | D:6      | Noticed a water moccasin
  3991 | D:6      | Noticed a phantom
  3997 | D:6      | Reached skill level 7 in Conjurations
  3998 | D:6      | Killed a water moccasin
  3998 | D:6      | Killed a centaur
  3999 | D:6      | Reached skill level 5 in Spellcasting
  3999 | D:6      | Reached XP level 6. HP: 23/32 MP: 5/14
  4064 | D:6      | Noticed a sky beast
  4071 | D:6      | Reached skill level 8 in Conjurations
  4071 | D:6      | Reached XP level 7. HP: 23/36 MP: 4/15
  4351 | D:6      | Reached skill level 9 in Conjurations
  4545 | D:5      | Entered Level 5 of the Dungeon
  4632 | D:4      | Reached skill level 1 in Fighting
  4804 | D:4      | Reached skill level 1 in Translocations
  4806 | D:4      | Reached XP level 8. HP: 43/43 MP: 9/18
  5217 | D:4      | Noticed Sigmund
  5657 | D:5      | Noticed Duvessa
  6103 | D:6      | Noticed a cyclops
  6104 | D:6      | - um, OK
  6122 | D:6      | Killed a cyclops
  6316 | D:6      | Reached XP level 9. HP: 52/52 MP: 13/19
  6318 | D:6      | Reached skill level 10 in Conjurations
  6516 | D:6      | - dang
  6521 | D:6      | Reached skill level 5 in Fighting
  7034 | D:7      | - ew
  7085 | D:7      | Found a staircase to the Ecumenical Temple.
  7136 | Temple   | Entered the Ecumenical Temple
  7197 | Temple   | Became a worshipper of Vehumet
  7502 | D:7      | Reached skill level 5 in Translocations
  7911 | D:7      | Found Mitotin's Jewellery Shop.
  8345 | D:8      | Found a sand-covered staircase.
  8353 | Ossuary  | Entered an ossuary
  8437 | Ossuary  | Reached * piety under Vehumet
  8437 | Ossuary  | Offered knowledge of Foxfire by Vehumet.
  8706 | Ossuary  | Offered knowledge of Sandblast by Vehumet.
  8708 | Ossuary  | Reached ** piety under Vehumet
  8758 | Ossuary  | Reached skill level 11 in Conjurations
  8870 | D:8      | Reached XP level 10. HP: 48/60 MP: 17/20
  9188 | D:8      | Noticed a tengu warrior
  9255 | D:8      | Found a blossoming altar of Fedhas.
  9255 | D:8      | Found an iron altar of Okawaru.
  9256 | D:8      | Found a sparkling altar of Nemelex Xobeh.
  9340 | D:8      | - damn
  9344 | D:8      | - shit
  9600 | D:8      | Noticed a two-headed ogre
  9625 | D:8      | Killed a two-headed ogre
  9626 | D:8      | Reached skill level 5 in Stealth
  9821 | D:2      | Killed Terence
  9994 | D:2      | Found a runed translucent door.
  9995 | D:2      | Noticed Crazy Yiuf
 10001 | D:2      | Killed Crazy Yiuf
 10290 | D:4      | Killed Sigmund
 10574 | D:5      | Learned a level 4 spell: Fulminant Prism
 10575 | D:5      | Noticed Dowan
 10579 | D:5      | Killed Duvessa
 10580 | D:5      | Killed Dowan
 10715 | D:9      | Offered knowledge of Stone Arrow by Vehumet.
 10793 | D:9      | Noticed a boulder beetle
 10794 | D:9      | Noticed a two-headed ogre
 10810 | D:9      | Killed a boulder beetle
 10811 | D:9      | Reached skill level 12 in Conjurations
 10811 | D:9      | Reached skill level 1 in Hexes
 10840 | D:9      | Killed a two-headed ogre
 10989 | D:9      | Reached XP level 11. HP: 34/68 MP: 9/21
 11254 | D:9      | Reached *** piety under Vehumet
 11441 | D:9      | Found a glowing silver altar of Zin.
 11442 | D:9      | Found a stormy altar of Qazlal.
 11447 | D:9      | Found a shimmering altar of Xom.
 11448 | D:9      | Found a bloodstained altar of Trog.
 11545 | D:9      | Found a staircase to the Lair.
 11572 | D:9      | Found an ornate altar of the Wu Jian Council.
 11580 | D:9      | Found a sacrificial altar of Ru.
 11649 | D:9      | Offered knowledge of Airstrike by Vehumet.
 11728 | D:9      | Noticed an oklob plant
 11834 | D:9      | Killed an oklob plant
 12207 | D:9      | Paralysed by a hornet for 1 turns
 12339 | D:9      | Reached **** piety under Vehumet
 12451 | D:10     | Entered Level 10 of the Dungeon
 12564 | D:10     | Found a staircase to the Orcish Mines.
 12613 | D:10     | Found Xeax's Magic Scroll Shop.
 12615 | D:10     | Bought a scroll of identify for 30 gold pieces
 12615 | D:10     | Bought a scroll of teleportation for 45 gold pieces
 12615 | D:10     | Bought a scroll of fear for 52 gold pieces
 12615 | D:10     | Bought a scroll of identify for 30 gold pieces
 12615 | D:10     | Identified 2 scrolls of acquirement
 12618 | D:10     | Acquired the ring "Fokeg" {+Blink rN++ rCorr Str+2 Dex+4}
 12620 | D:10     | Acquired a staff of conjuration
 13527 | D:10     | Learned a level 5 spell: Lightning Bolt
 13570 | Lair:1   | Entered Level 1 of the Lair of Beasts
 13570 | Lair:1   | Noticed a six-headed hydra
 13579 | Lair:1   | Offered knowledge of Fireball by Vehumet.
 13586 | Lair:1   | Learned a level 5 spell: Fireball
 13744 | Lair:1   | Killed a six-headed hydra
 14067 | Lair:1   | Reached skill level 5 in Hexes
 14874 | Lair:2   | Reached XP level 12. HP: 76/76 MP: 23/25
 15276 | Lair:2   | Reached skill level 1 in Fire Magic
 15276 | Lair:2   | Reached skill level 1 in Air Magic
 15367 | Lair:2   | Noticed a four-headed hydra
 15373 | Lair:2   | Killed a four-headed hydra
 15373 | Lair:2   | Reached ***** piety under Vehumet
 15373 | Lair:2   | Offered knowledge of Yara's Violent Unravelling by Vehumet.
 15643 | Lair:2   | Reached skill level 5 in Air Magic
 16388 | Lair:3   | Reached skill level 5 in Fire Magic
 16401 | Lair:3   | Found a staircase to the Snake Pit.
 16735 | Lair:3   | Noticed a seven-headed hydra
 16744 | Lair:3   | Killed a seven-headed hydra
 16979 | Lair:3   | Reached XP level 13. HP: 80/80 MP: 23/27
 18485 | Lair:4   | Found a staircase to the Shoals.
 18829 | Lair:4   | Reached skill level 1 in Evocations
 18836 | Lair:4   | Reached skill level 10 in Fighting
 19242 | Lair:5   | You are sucked into a shaft and drop 1 floor!
 19242 | Lair:6   | Entered Level 6 of the Lair of Beasts
 19843 | Lair:6   | Offered knowledge of Sticky Flame by Vehumet.
 19979 | Lair:6   | Reached skill level 5 in Evocations
 20015 | Lair:6   | Reached XP level 14. HP: 45/90 MP: 3/28
 20463 | Lair:6   | Reached skill level 1 in Staves
 20930 | Lair:5   | Reached skill level 5 in Staves
 22397 | Lair:6   | Found a staircase to the Slime Pits.
 22563 | Lair:6   | Offered knowledge of Orb of Destruction by Vehumet.
 22757 | Lair:6   | - oh its the dragon
 22843 | Lair:6   | Found a large runed translucent door.
 22843 | Lair:6   | Found a large runed translucent door.
 23413 | Lair:3   | Learned a level 7 spell: Orb of Destruction
 23541 | Orc:1    | Entered Level 1 of the Orcish Mines
 23545 | Orc:1    | Noticed Harold
 23593 | D:10     | Killed Harold
 23729 | Orc:2    | Entered Level 2 of the Orcish Mines
 23781 | Orc:2    | Found a staircase to the Elven Halls.
 23796 | Orc:2    | Found Okozaifa's Book Shop.
 23858 | Orc:2    | Found Esso's Antique Armour Emporium.
 24026 | Orc:1    | Reached XP level 15. HP: 89/96 MP: 4/29
 24461 | Orc:1    | Found Imiclo's CLEARANCE SALE! EVERYTHING MUST GO!.
 24750 | Orc:2    | Reached skill level 5 in Dodging
 24753 | Orc:2    | Paralysed by something for 3 turns
 24808 | Orc:2    | - they just keep coming
 24915 | Orc:2    | Offered knowledge of Eringya's Noxious Bog by Vehumet.
 25127 | Orc:2    | Reached skill level 1 in Throwing
 25290 | Orc:2    | Reached skill level 13 in Conjurations
 25676 | Orc:2    | Found Tiugaut's Distillery.
 25676 | Orc:2    | Found Hudghily's Weapon Shop.
 25677 | Orc:2    | Found Vajy's Antique Armour Shop.
 25677 | Orc:2    | Found Wasijosh's General Store.
 25705 | Orc:2    | Bought a scroll of fog for 32 gold pieces
 25765 | Orc:2    | Noticed an orc warlord
 25777 | Orc:2    | Noticed an orc warlord
 25858 | Orc:2    | Reached skill level 10 in Air Magic
 26162 | Orc:2    | Killed an orc warlord
 26700 | Orc:2    | Killed an orc warlord
 26704 | Orc:2    | Reached skill level 14 in Conjurations
 26944 | Orc:2    | Identified the +5 dagger of Calamity {venom, rPois rN+
                  | Str+2}
 27048 | Orc:2    | Bought a pair of embroidered gloves for 142 gold pieces
 27096 | Orc:2    | Bought a potion of brilliance for 48 gold pieces
 27096 | Orc:2    | Bought a potion of haste for 120 gold pieces
 27096 | Orc:2    | Bought a potion of haste for 120 gold pieces
 27097 | Orc:2    | Bought a scroll of teleportation for 48 gold pieces
 27097 | Orc:2    | Bought a scroll of teleportation for 48 gold pieces
 27097 | Orc:2    | Bought a potion of magic for 128 gold pieces
 27131 | Orc:1    | Bought a scroll of identify for 10 gold pieces
 27131 | Orc:1    | Bought a scroll of teleportation for 15 gold pieces
 27255 | D:7      | Bought the ring "Wuutimia" {rElec AC+4 Int+2 Dex+3} for 968
                  | gold pieces
 27365 | D:8      | Reached skill level 1 in Shields
 28136 | D:11     | Reached XP level 16. HP: 98/101 MP: 28/30
 28157 | D:11     | Noticed Erica
 28272 | D:11     | Noticed Maurice
 28438 | D:11     | Killed Maurice
 28498 | D:11     | Found a glowing golden altar of the Shining One.
 28680 | D:11     | Reached skill level 15 in Conjurations
 28819 | D:11     | Acquired the Grimoire of Arcane Weapons
 29140 | D:11     | Killed Erica
 29263 | D:12     | Noticed Frances
 29904 | D:12     | Noticed Nessos
 29906 | D:12     | Noticed Nessos
 29906 | D:12     | Nessos changed into Nessos the orb spider
 29918 | D:12     | Reached skill level 5 in Shields
 29919 | D:12     | Killed Nessos the orb spider
 29938 | D:12     | Killed Frances
 30078 | D:12     | Noticed Urug
 30195 | D:12     | Killed Urug
 30567 | D:12     | Found the +7 pair of quick blades "Gyre" and "Gimble"
                  | {protect}
 30653 | D:13     | Learned a level 3 spell: Stone Arrow
 30724 | D:13     | Offered knowledge of Lee's Rapid Deconstruction by Vehumet.
 31042 | D:13     | Found a gate to the Vaults.
 31383 | D:13     | Reached ****** piety under Vehumet
 32291 | D:14     | Reached skill level 10 in Spellcasting
 32432 | D:14     | - whats all these demons and devils
 32896 | D:14     | Noticed Josephine
 32901 | D:14     | Killed Josephine
 33134 | D:14     | Noticed Kirke
 33155 | D:14     | Killed Kirke
 34451 | Snake:1  | Entered Level 1 of the Snake Pit
 34530 | Lair:3   | Reached skill level 1 in Armour
 34532 | Lair:3   | Reached XP level 17. HP: 65/109 MP: 16/32
 34726 | Snake:1  | Noticed Aizul
 35692 | Snake:1  | Got the Grimoire of Air and Attacks
 35794 | Snake:1  | Reached skill level 5 in Armour
 35833 | Snake:1  | Killed Aizul
 37995 | Snake:2  | Offered knowledge of Iron Shot by Vehumet.
 38061 | Snake:2  | Learned a level 6 spell: Iron Shot
 38444 | Snake:2  | Reached skill level 1 in Earth Magic
 38795 | Snake:2  | Reached skill level 15 in Fighting
 39223 | Snake:3  | Noticed Vashnia
 39357 | D:10     | Bought a scroll of amnesia for 52 gold pieces
 39619 | Shoals:1 | Entered Level 1 of the Shoals
 39773 | Shoals:1 | Found a runed translucent door.
 39777 | Shoals:1 | Found a shimmering altar of Xom.
 39777 | Shoals:1 | Noticed Zipteul's ghost (adept NaBe)
 39842 | Shoals:1 | Reached XP level 18. HP: 119/119 MP: 28/33
 41359 | Shoals:2 | Offered knowledge of Lehudib's Crystal Spear by Vehumet.
 41741 | Shoals:2 | Reached skill level 5 in Earth Magic
 41781 | Shoals:3 | Noticed Ilsuiw
 41791 | Shoals:3 | Killed Ilsuiw
 41792 | Shoals:3 | Reached skill level 5 in Throwing
 41832 | Shoals:3 | Found Jeblou's Gadget Gallery.
 42482 | Shoals:3 | Found Wengula's Jewellery Shoppe.
 42888 | Shoals:4 | Entered Level 4 of the Shoals
 43443 | Shoals:4 | Identified the +4 war axe "Xoutealarph" {freeze, rC+ Str-5
                  | Dex+4}
 44257 | Shoals:4 | Got the Almanac of the Fetching Birds
 44684 | Shoals:4 | Got a barnacled rune of Zot
 44782 | Shoals:4 | Offered knowledge of Shatter by Vehumet.
 44782 | Shoals:4 | Offered knowledge of Polar Vortex by Vehumet.
 44782 | Shoals:4 | Offered knowledge of Ignition by Vehumet.
 44795 | Shoals:4 | Reached XP level 19. HP: 100/124 MP: 20/36
 46848 | Snake:3  | Killed Vashnia
 46849 | Snake:3  | Reached skill level 10 in Fire Magic
 47076 | Snake:3  | Noticed Bai Suzhen
 47082 | Snake:3  | Killed Bai Suzhen
 47543 | Snake:3  | Noticed Azrael
 47556 | Snake:3  | Killed Azrael
 48375 | Snake:4  | Entered Level 4 of the Snake Pit
 48458 | Snake:4  | Identified the ring of Ewkeckopli {rPois Dex+6}
 49649 | Snake:4  | Found a shimmering blue altar of Sif Muna.
 50087 | Snake:4  | Reached skill level 10 in Staves
 50355 | Snake:4  | Reached XP level 20. HP: 60/129 MP: 10/37
 50536 | Snake:4  | Reached skill level 10 in Evocations
 51169 | Snake:4  | Got a serpentine rune of Zot
 51616 | D:13     | Acquired 1079 gold pieces
 51618 | D:13     | Acquired the +2 hat of Kefaewuny {-Tele Harm rN+ Dex+2}
 51847 | Shoals:3 | Bought a ring of willpower for 300 gold pieces
 52074 | Vaults:1 | Entered Level 1 of the Vaults
 52458 | Vaults:1 | Learned a level 5 spell: Irradiate
 52810 | Vaults:1 | Identified the -5 hat "Wejiemesch" {Rampage rPois rN+}
 52811 | Vaults:1 | Identified the -3 hat "Unicru" {rCorr Int+2}
 52824 | Vaults:1 | Found a radiant altar of Vehumet.
 52824 | Vaults:1 | Found the +2 hood of the Assassin {Detection Stab+ Stlth++}
 52851 | Vaults:1 | Identified the +4 robe "Sauffam" {Drain rPois rN+ Str+3
                  | Int+4}
 52874 | Vaults:1 | Found the -2 hat of the Alchemist {rElec rPois rF+ rC+ rN+
                  | Will+ rMut rCorr}
 52885 | Vaults:1 | - nice hats
 54186 | Vaults:1 | Identified the +0 scale mail of Bifyigaq {rCorr}
 55835 | Vaults:2 | Noticed Sojobo
 55851 | Vaults:2 | Paralysed by an air elemental for 1 turns
 55856 | Vaults:2 | Paralysed by an air elemental for 1 turns
 55864 | Vaults:2 | Killed Sojobo
 55865 | Vaults:2 | Reached skill level 16 in Conjurations
 56266 | Vaults:2 | Noticed a bone dragon
 56301 | Vaults:2 | Killed a bone dragon
 56746 | Vaults:2 | Reached XP level 21. HP: 97/134 MP: 24/39
 57466 | Vaults:2 | Found a staircase to the Crypt.
 58013 | Vaults:3 | Noticed Asterion
 58289 | Vaults:3 | Killed Asterion
 58290 | Vaults:3 | Reached skill level 17 in Conjurations
 58930 | Vaults:3 | Reached skill level 18 in Conjurations
 58953 | Vaults:3 | - where did all these dudes come fro
 58962 | Vaults:3 | Paralysed by a great orb of eyes for 7 turns
 58969 | Vaults:3 | HP: 5/134 [deep troll[an ironbound preserver] (7)]
 58969 | Vaults:3 | Mangled by a deep troll

Illustrated notes #.'...............##.#... ###...............##.#.8. #........#.....###.#... #####....#.....# #.#... #....#.....# #.#... ####....#.....# #.#.8. #.<.#####.....###.#... #.#.### #.......#[##.. #.....# #>....#.#.###. #.###.# #....)#+#..### #.#.#@###............. #.#.#)..†)........#### #.#.######........#### #.#.#####.........'..' #.#.#...#.........#### #...#.#.#........∩# # #####.#.#.############ #.......#.....# #....' #.####.######.# #.#### #.# #.######.# #.# # #.####........# #.# # Turn 3412 on D:3: - and look at this awesome helmet #......##.##..#...####.#.. #.....#........#.. #.###.#....<.###.. #.#.#.##########.. #.#............... #.#.#.##########.# #####.#.#............. ##≈≈≈≈.#.###########... #C...≈.#.# #..# #.≈≈≈≈.#.###########..# #.####@#..............# #......##############.# ######.##############.# #................. ################## Turn 6104 on D:6: - um, OK

#...# #########...##############
##>........................
#..................##......
#...................'......
#..####.....####.#.##....(. #..#
##...##yY#.#......... #..#
##.##...#.#......... #..##
#.#oZ.##.#......... #...##
+#.#'Y##..#.........
#....###..@###...#...####+#
#........8.........#
##...###...###.....# #. #..##
+#.#+ ##..#.# #. #.## #.# ##.#.#
# #.# ##.## #.#W###### # #.#
##...## #.#....#.###
#.####.....####.#...≈.# #.
#...............#...≈≈## #
##########.........[...#...#≈o# #
#......###.#######.....#...#.≈##≈


Turn 6516 on D:6: - dang # #. ###. ###...### .......>### #.........#
......#.#.## ......c@...# ###.#.#y##.# .. #y##.#### ... #y##....# #.. #.#####.#
.# ..# #.###### ### #......# .######..##.## .........#<.## ########.#...#
#.##.## Turn 7034 on D:7: - ew #..# #.# #........# ##.# #.# #........# #.# #.#
##......## #.## #.# #......# #..# #.# #.....## ##.# #.# ##...## #.# #.# #..##
#.# #.# ##.# #.# #.# ###..# #.# #.######....# .z.z..'.# ##@.....(..### .Q.#..#.#
##....[....##### ##.#.#####..#####...##..## . #...##Q.## #...#....# .. #......##
##.......## ## #.#..### #........# #..##.# ##.......## #.# ..# #........# #.
#.## #........# #. #. #........# .. .# ##.......## Turn 9340 on D:8: - damn #..#
#.# #........# ##.# #.# #........# #.# #.# ##......## #.## #.# #......# #..# #.#
#.....## ##.# #.# ##...## #.# #.# #..## #.# #.# ##.# #.# #.# ###..# #.#
#.######....# .z.z..'.# ##.@....(..### .Q.#..#.# ##....[....#####
##.#.#####..#####...##..## . #...##Q.## #...#....# .. #......## ##.......## ##
#.#..### #........# #..##.# ##.......## #.# ..# #........# #. #.## #........# #.
#. #........# .. .# ##.......## Turn 9344 on D:8: - shit
...#.####..#.........#......####. ......##........<..####.....###..
##.............#..#####.......#.. ..............)######...P.......#
P..........###.†..##..<.#.......# .......###..#...##....#.......... ##.#####
####..##.#.###.##.#..... ### ######.## ###........ #††# ###..(..... ##..##
#...#...... .####@...# #..P......P #8....(..).# ##....##... ##.........#
####.##P.. #.......(..# #####.. #........(..≈# #.. ##..........≈# ##.
##...##...§§§# #. ≈#.≈ ≈#.§§≈§# #. ≈≈ ≈≈..^.§≈ ## Turn 22757 on Lair:6: - oh its
the dragon ### ### #####... ##.##### ##.#..... #...##.###.......#
##.##...#..)...... #@)O)).#....∩..... ### ##.#...##.........
##.#########....O......#.. ##...##....#......).....##.
####...##......#...........#.. ##.#....#......................
#......#.............)......... ##...................#.........
##.#..##..........)).......... ##.##..##....##..#.............
#..##............(............. Turn 24808 on Orc:2: - they just keep coming
#.≈≈≈≈..## #.≈≈≈≈≈..## #.≈≈≈≈≈.... #.≈≈≈≈≈≈.. #.≈≈≈≈≈≈# # #.≈≈≈≈≈≈# ######...#
#.≈≈≈≈≈≈# #.@..'..4. #.≈≈≈≈≈≈# #.####.... #.#≈≈≈≈≈# #.# . #.##)≈≈≈#####.#
#.#..≈≈....##.# #.#.######.##.# #.#.#....# #.# #.#.#.##.# #.# #.#)#.<#.#.##.#
#.#[####.#.##.#.. #.#(####.#.##.#.# Turn 32432 on D:14: - whats all these demons
and devils #.......#...........###### #.......#..#.[...#. #.....
#....>..####.....####....) #.......'...##.##...#....# #.......#...#...#...'.)..#
#########...#...#...'....# #############....# ##### ### #.)..# #..[# #.# #....#
#[..###.## #....# #@.[##...## #)...# ####'.....###..### #######.......##..#
##[..##....⌠....#..# #.[...#.........'..# #:_...'..⌠...⌠..'..#
#[[...#.........'..# ##...##....⌠...)'..# #######.......##..# ####'.....###..#
#[..##...## #..# Turn 52885 on Vaults:1: - nice hats ####'### #.........#
####)#####.#..<.[#.# #≈≈..)≈≈##....)[...# #≈≈....≈##..≈..p≈..#
##..§T§.≈##.u..#....# #...§§§...'.......))# ##..§§T.≈##########'# #≈..T.≈≈# ...
#≈≈≈T.≈≈# ... ####p#### ... #@########## ... #..).......# ... #Gc..)[....+ ...
#T.........# #..).......# #c.)...†)).# . #T#'####'####### . .T...##..)(.....#..
.{.....##....)....#.. c.......##.........+.. .#......##...))....### Turn 58953
on Vaults:3: - where did all these dudes come fro

Levels and vault maps discovered:
D:1:      lightli_arrival_boilingwater, layout_loops_corners,
          ebering_ecumenical_altar_rust
D:2:      layout_basic, basic_altar, uniq_terence, uniq_crazy_yiuf_cottage
D:3:      cheibrodos_pilgrimage, layout_basic, serial_shops, shop
D:4:      layout_basic, uniq_robin, uniq_sigmund
D:5:      layout_loops_ring, feat_on_display, uniq_duvessa
D:6:      cheibrodos_barr_body, layout_basic, serial_rivers,
          chequers_serial_rivers_micro_b, chequers_serial_rivers_small_b,
          chequers_serial_rivers_small_b, chequers_serial_rivers_micro_d,
          chequers_serial_rivers_micro_a
D:7:      layout_basic, minmay_temple_entry_crystal_x, serial_shops,
          kennysheep_mini, minmay_misc_feat_tiny
D:8:      minmay_the_grid_plus_closed [minmay_the_grid_eight,
          minmay_the_grid_broken_lines, minmay_the_grid_minigrid_large,
          minmay_the_grid_embedded, minmay_the_grid_prize_four_corners],
          layout_cave_pods, chequers_temple_overflow_statue_of_worship,
          nicolae_ossuary_entry_monument
D:9:      layout_rooms, grunt_temple_overflow_open, erik_lair_island,
          kennysheep_diamond, introduction_to_nature_2
D:10:     layout_gridville, orc_0_dummy, serial_shops, nicolae_shop_trees,
          minmay_misc_feat_chi, nicolae_two_hexagons
D:11:     layout_long_grid, tso_metal_star, uniq_erica, uniq_maurice
D:12:     layout_loops_corners, minmay_misc_feat_nine_boxes,
          hellmonk_guarded_unrand_gyre_and_gimble, uniq_nessos, uniq_frances,
          uniq_urug
D:13:     layout_basic, david_vaults_5, kennysheep_cross_bottleneck
D:14:     layout_basic, minmay_beelzebubs_servants, uniq_josephine, uniq_kirke
Temple:   nicolae_temple_god_jail
Lair:1:   layout_loops_ring
Lair:2:   layout_loops_ring, hangedman_lair_generics_rect, grunt_megastairs_1,
          lemuel_fruit_tree
Lair:3:   layout_loops_ring, guppyfry_snake_entry_island, wad_woods_road_05,
          infiniplex_staircase_pool, minmay_lair_oklob_chamber,
          lemuel_fruit_fields
Lair:4:   layout_cave_pods, elwin_shoals_entry_rocks, grunt_megastairs_5
Lair:5:   layout_concentric_octagons, grunt_forest_large_clearings
Lair:6:   cheibrodos_lair_end_hotspot, layout_misc_corridors,
          minmay_slime_entry_oklob_enclosed
Shoals:1: layout_shoals, ebering_ghost_xom
Shoals:2: layout_shoals, nicolae_shoals_drake_roost
Shoals:3: layout_shoals, serial_shops, nicolae_shop_trees, nicolae_shop_gadgets,
          uniq_ilsuiw
Shoals:4: shoals_end_grunt_garden, layout_shoals, shoals_ilsuiw_ice
Snake:1:  layout_honeycomb, nicolae_snake_omega, uniq_aizul
Snake:2:  layout_chambers, nicolae_snake_gridmaze_swirls,
          nicolae_snake_gridmaze_squiggle, grunt_megastairs_2
Snake:3:  layout_cave_town, serial_bayou_pond_b, uniq_azrael, uniq_vashnia,
          uniq_bai_suzhen
Snake:4:  minmay_snake_end_coiled, layout_basic, basic_altar,
          nrook_loot_triangle, nicolae_snake_mages_go_home
Orc:1:    layout_caves, nicolae_shop_clearance, uniq_harold
Orc:2:    st_orc_ogre_mass, layout_caves, serial_shops, nicolae_square_shop,
          shop, minmay_orc_treasury
Vaults:1: v_misc_18, nicolae_vaults_network_s, grunt_tower_of_power,
          ontoclasm_vaults_decontamination, hangedman_vaults_capsules,
          vaults_mumra_chevron_long, v_rooms_4, v_misc_1,
          vaults_mumra_minichess, vaults_dpeg_hooks, vaults_room_semicircle,
          layout_vaults_omnibox
Vaults:2: minmay_crypt_entry_nasty_monster, nicolae_vaults_circle_grid_b,
          vaults_dpeg_diagonal, v_misc_8, hangedman_vaults_maws, v_misc_25,
          v_alt_pattern_1, vaults_room_fancy_cross, grunt_vaults_funnel,
          nicolae_vaults_shelves_hall, vaults_dpeg_ring, layout_vaults_omnigrid,
          uniq_sojobo
Vaults:3: serial_ice_m, ontoclasm_vaults_misaligned,
          hangedman_vaults_corner_blocks, hangedman_vaults_locks,
          hangedman_vaults_stitches, dpeg_vaults_waves, nicolae_vaults_alarming,
          grunt_vaults_focal, nicolae_vaults_ring_of_whatevers, v_pattern_2,
          hangedman_vaults_slice, nicolae_vaults_puzzle_piece,
          hangedman_vaults_corner_blocks, ontoclasm_vaults_loading_screen,
          layout_vaults_maze, serial_shops, nicolae_diamond_shop, uniq_asterion

Skill      XL: |  1  2  3  4  5  6  7  8  9 10 11 12 13 14 15 16 17 18 19 20 21 |
---------------+----------------------------------------------------------------+-----
Spellcasting   | 3 5 6 8 9 10 12 13 14 | 14.0
Conjurations   | 6 7 8 9 11 12 14 15 16 18 | 18.0
Fighting       | 1 4 6 8 9 11 12 13 15 | 15.0
Translocations | 1 3 5 6 |  6.0
Stealth        | 3 6 7 9 |  9.0
Hexes          | 2 5 6 |  6.0
Fire Magic     | 6 9 12 | 12.0
Air Magic      | 8 9 10 12 | 12.4
Evocations     | 5 8 9 10 | 10.0
Staves         | 9 10 12 | 12.0
Dodging        | 3 6 9 |  9.4
Throwing       | 2 8 9 |  9.0
Shields        | 2 6 9 |  9.0
Armour         | 1 6 |  6.0
Earth Magic    | 3 6 |  6.0

Action                   |  1- 3 |  4- 6 |  7- 9 | 10-12 | 13-15 | 16-18 | 19-21 || total
-------------------------+-------+-------+-------+-------+-------+-------+-------++-------
Melee: Dagger            |     1 |       |       |     4 |       |     1 |       ||     6
       Short sword       |       |     2 |    20 |     9 |       |       |       ||    31
       Kick              |       |       |     4 |    13 |    54 |   120 |   156 ||   347
       Peck              |       |       |     4 |     9 |    44 |    77 |   100 ||   234
       Staff             |       |       |       |    17 |   200 |   368 |   475 ||  1060
Throw: Dart              |       |     6 |    14 |    48 |    86 |    17 |       ||   171
       Boomerang         |       |       |       |       |       |    24 |   192 ||   216
 Cast: Magic Dart        |    63 |    15 |    42 |    33 |    59 |     8 |       ||   220
       Searing Ray       |     2 |    12 |    77 |   130 |   157 |   110 |    64 ||   552
       Iskenderun's Myst |       |       |       |    39 |    82 |   123 |    80 ||   324
       Fulminant Prism   |       |       |       |    20 |    36 |     6 |       ||    62
       Lightning Bolt    |       |       |       |     3 |    13 |    20 |    14 ||    50
       Fireball          |       |       |       |     2 |    38 |    85 |   118 ||   243
       Orb of Destructio |       |       |       |       |     3 |     9 |    15 ||    27
       Stone Arrow       |       |       |       |       |       |    79 |       ||    79
       Iron Shot         |       |       |       |       |       |    86 |   142 ||   228
       Irradiate         |       |       |       |       |       |       |     1 ||     1
 Abil: Evoke Blink       |       |       |       |       |     1 |     2 |     2 ||     5
Evoke: Wand              |       |     2 |     3 |     1 |    24 |    24 |    12 ||    66
  Use: Potion            |       |       |     1 |     4 |     1 |    10 |     5 ||    21
       Scroll            |       |       |     7 |    11 |     4 |    14 |     7 ||    43
 Stab: Paralysed         |       |       |       |       |     7 |    10 |       ||    17
       Distracted        |       |       |       |       |     1 |       |     2 ||     3
       Sleeping          |       |       |       |       |       |     2 |     3 ||     5
       Invisible         |       |       |       |       |       |     3 |       ||     3
Armor: Leather armour    |       |     8 |    22 |    16 |    44 |    45 |       ||   135
       Ring mail         |       |       |       |    24 |    77 |   111 |   192 ||   404
Dodge: Dodged            |     1 |    42 |    93 |    96 |   225 |   305 |   311 ||  1073
Block: Buckler           |       |       |       |       |     2 |   239 |   317 ||   558
       Reflection        |       |       |       |       |       |    26 |    53 ||    79
